 Dungeon Crawl Stone Soup version 0.28.0 (webtiles) character file.

Game seed: 759862824108736070

2 lonewolfV2 the Ducker (level 1, 0/10 HPs)
             Began as a Felid Berserker on Feb 9, 2022.
             Was a Follower of Trog.
             Slain by a quokka (2 damage)
             ... on level 1 of the Dungeon.
             The game lasted 00:00:21 (110 turns).

lonewolfV2 the Ducker (Felid Berserker)              Turns: 110, Time: 00:00:22

Health: 0/10       AC:  1    Str: 13    XL:     1   Next: 25%
Magic:  2/2        EV: 18    Int:  8    God:    Trog [*.....]
Gold:   8          SH:  0    Dex: 15    Spells: 0/0 levels left
                                        Lives:  0   Deaths: 0

rFire   . . .      SeeInvis +     - Unarmed
rCold   . . .      Faith    .   (shield unavailable)
rNeg    . . .      Spirit   .   (armour unavailable)
rPois   .          Reflect  .   (helmet unavailable)
rElec   .          Harm     .   (cloak unavailable)
rCorr   .          Rampage  .   (gloves unavailable)
Will    .....                   (boots unavailable)
Stlth   +.........              (no amulet)
HPRegen 0.03/turn               (no ring)
MPRegen 0.08/turn               (no ring)

@: quick
A: very small, claws 1, fangs 3, see invisible, speed 1, shaggy fur 1, stealthy
paws, no weapons or thrown items, no armour, multi-lived
a: Renounce Religion, Berserk


You were on level 1 of the Dungeon.
You worshipped Trog.
Trog was aware of your devotion.
You visited 1 branch of the dungeon, and saw 1 of its levels.

You collected 8 gold pieces.

Inventory:

Scrolls
 a - a scroll of vulnerability


   Skills:
 + Level 3.0 Fighting
 + Level 4.0 Dodging
 + Level 3.0 Unarmed Combat


You couldn't memorise any spells.
You didn't know any spells.
Your spell library was empty.

Dungeon Overview and Level Annotations

Branches:
Dungeon (1/15)

Altars:


Innate Abilities, Weirdness & Mutations

You have sharp claws.
You have razor-sharp teeth.
You have supernaturally acute eyesight. (SInv)
You cover ground quickly. (Speed+)
You are covered in fur. (AC +1)
Your paws help you pounce on unaware monsters.
You are incapable of wielding weapons or throwing items.
You cannot wear armour.
You gain extra lives every three experience levels.


Message History

The kobold is moderately wounded.
The kobold closely misses you.
You scratch the kobold.
You kill the kobold!
Trog accepts your kill.
Things that are here:
a +0 whip; a kobold corpse
Found a book of Displacement.
Found a book of Frost.
A quokka comes into view.
You see here 2 gold pieces.
b - a scroll labelled PEAMESSEKU You now have 8 gold pieces (gained 2).
As you read the scroll labelled PEAMESSEKU, it crumbles to dust.
It is a scroll of identify.
a - a scroll of vulnerability A hobgoblin comes into view.
You see here a book of Frost.
The hobgoblin hits you but does no damage.
You scratch the hobgoblin. You claw the hobgoblin.
You kill the hobgoblin!
Trog accepts your kill.
You see here a hobgoblin corpse.
You see here a book of Displacement.
The quokka barely misses you.
You miss the quokka. The quokka closely misses you.
You closely miss the quokka. The quokka bites you.
You closely miss the quokka. You bite the quokka, but do no damage.
The quokka closely misses you. The quokka bites you.
You scratch the quokka.
The quokka is heavily wounded.
The quokka bites you.
You completely miss the quokka.
The quokka is heavily wounded.
The quokka bites you.
* * * LOW HITPOINT WARNING * * *
You closely miss the quokka.
The quokka is heavily wounded.
The quokka bites you.
You die...

.# #######.## .........
.......###.........
########..................
#.........................
#.#..........# #.........
.............## #........
##.....†:@....###.......
#........r.........##
##.....:............#..
##.......#..............
###...#######..............
#...## ####.............# #.
#.##### #..#..>.........##
#.##.....####..........r......
..#........####...).>.......#


You could see a quokka.

Vanquished Creatures
  A hobgoblin (D:1)
  A kobold (D:1)
2 creatures vanquished.

Notes
Turn   | Place    | Note
-------+----------+-------------------------------------------
     0 | D:1      | lonewolfV2 the Felid Berserker began the quest for the Orb.
     0 | D:1      | Reached XP level 1. HP: 10/10 MP: 2/2
   110 | D:1      | Slain by a quokka

Illustrated notes

Levels and vault maps discovered:
D:1:      amcnicky_arrival_single_pillar, layout_rooms, serial_shops, shop,
          minivault_25

Action                   || total
-------------------------++-------
Melee: Unarmed           ||    12
       Punch             ||     1
       Bite              ||     1
  Use: Scroll            ||     1
Armor: Skin              ||     1
Dodge: Dodged            ||     7
